 Dungeon Crawl Stone Soup version 0.19.5 (webtiles) character file.

6920 LoNine the Geomancer (level 11, 0/64 HPs)
             Began as a Gargoyle Earth Elementalist on Apr 4, 2017.
             Was a Believer of Vehumet.
             Slain by a hell hound (3 damage)
             ... on level 9 of the Dungeon.
             The game lasted 01:12:45 (10953 turns).

LoNine the Geomancer (Gargoyle Earth Elementalist) Turns: 10953, Time: 01:12:45

Health: 0/64       AC: 15    Str: 13    XL:     11   Next: 7%
Magic:  13/23      EV: 15    Int: 18    God:    Vehumet [**....]
Gold:   620        SH:  0    Dex: 16    Spells: 3 memorised, 18 levels left

rFire  . . .     SeeInvis .     q - 46 stones
rCold  . . .     Gourm    .     k - +0 robe
rNeg   + . .     Faith    .     (no shield)
rPois  ∞         Spirit   .     z - +2 helmet
rElec  +         Reflect  .     r - +0 cloak
rCorr  .         Harm     .     n - +0 pair of gloves
MR     .....                    (no boots)
Stlth  ++........               (no amulet)
                                y - +1 ring of evasion
                                o - +6 ring of dexterity

@: very slightly contaminated
A: negative energy resistance 1, electricity resistance, unbreathing,
petrification resistance, rot immunity, AC +7
a: Renounce Religion


You were on level 9 of the Dungeon.
You worshipped Vehumet.
Vehumet was pleased with you.
You were not hungry.

You visited 2 branches of the dungeon, and saw 11 of its levels.

You collected 620 gold pieces.

Inventory:

Hand Weapons
 w - a +0 morningstar
Missiles
 q - 46 stones (in hand)
Armour
 k - a +0 robe (worn)
 n - a +0 pair of gloves (worn)
 r - a +0 cloak (worn)
 z - a +2 helmet (worn)
Jewellery
 o - a +6 ring of dexterity (left hand)
 y - a +1 ring of evasion (right hand)
Wands
 f - a wand of polymorph (14/24)
 D - a wand of slowing (29/48)
 E - a wand of acid (11/15)
 F - a wand of lightning (1/15)
 M - a wand of polymorph (5/24)
Scrolls
 a - a scroll of fog {unknown}
 b - 2 scrolls of blinking
 c - a scroll of immolation {unknown}
 g - a scroll of recharging
 h - a scroll of magic mapping
 i - 2 scrolls of remove curse
 t - a scroll of noise {unknown}
 A - 3 scrolls of enchant weapon
 B - 3 scrolls of teleportation
 H - a scroll of fear {unknown}
 J - a scroll of random uselessness {unknown}
 N - a scroll of enchant armour {unknown}
Potions
 j - 3 potions of brilliance {unknown}
 u - 3 potions of curing
 v - 2 potions of might
 x - 4 potions of lignification
 C - a potion of cure mutation {unknown}
 G - a potion of berserk rage {unknown}
 I - 2 potions of degeneration {unknown}
 K - a potion of resistance {unknown}
Books
 e - a book of Geomancy

   Spells                             Type                      Level
   a - Sandblast                      Earth                        1
   b - Passwall                       Transmutation/Earth          2
   c - Stone Arrow                    Conjuration/Earth            3
   d - Petrify                        Transmutation/Earth          4
   e - Lee's Rapid Deconstruction     Earth                        5
Comestibles
 d - 3 bread rations
 l - 8 meat rations
 m - 15 fruits
 p - 9 beef jerkies
 s - a royal jelly
 L - 7 slices of pizza


   Skills:
 + Level 5.3 Fighting
 + Level 4.5 Maces & Flails
 + Level 5.2 Armour
 + Level 4.3 Dodging
 - Level 2.1 Stealth
 * Level 8.5 Spellcasting
 + Level 6.5 Conjurations
   Level 0.7 Transmutations
 + Level 8.6 Earth Magic
 + Level 3.8 Evocations


You had 18 spell levels left.
You knew the following spells:

 Your Spells              Type           Power        Failure   Level  Hunger
a - Sandblast             Erth           #####.       1%          1    None
b - Stone Arrow           Conj/Erth      ####..       1%          3    None
c - Lee's Rapid Deconstr  Erth           #####.....   10%         5    #####..


Dungeon Overview and Level Annotations

Branches:
Dungeon (10/15)            Temple (1/1) D:6            Lair (0/6) D:9
    Orc: D:9-12

Altars:
Cheibriados
Dithmenos
Fedhas
Hepliaklqana
Makhleb
Nemelex Xobeh
Uskayaw
Vehumet
Zin

Shops:
D:7 (


Innate Abilities, Weirdness & Mutations

You are resistant to torment.
Your stone body is resilient. (AC +7)
You are immune to poison.
You resist negative energy. (rN+)
You are resistant to electric shocks. (rElec)
You can survive without breathing.
You are immune to petrification.
You are immune to rotting.


Message History

Press: ? - help, Shift-Dir - straight line, f - troll
Aim: a troll (severely wounded)
The stone arrow hits the troll.
You kill the troll!
Vehumet accepts your kill.
The troll leather armour is intact enough to wear.
The cyclops throws a large rock.
The large rock hits you but does no damage.
You see here a large rock.
A hell hound comes into view.
The hell hound barks!
The hell hound breathes flames at you. The blast of flame hits you!
* * * LOW HITPOINT WARNING * * *
The cyclops throws a large rock.
The large rock misses you.
The cyclops throws a large rock.
The large rock barely misses you.
There is an escape hatch in the ceiling here.
You see here a large rock.
The hell hound bites you.
You die...

#.....##..................
#....###..................
#[........................
###.......................
#.......................
###)....................
#.....................
#....h#.....#.........
##...@......#........#
*#.......####.......##
#....#....(..C.#....#,
#.....##....C[.#....#,
#.....##.......##...#,
###...######.>..#...#,
##### #....##..##
#.....#..T# #.....#....


You could see a cyclops and a hell hound.

Vanquished Creatures
  Pikel (D:6)
  A troll (D:9)
  Prince Ribbit (D:6)
  Grinder (D:6)
  A hippogriff (D:7)
  A human (D:7)
  3 hogs (D:7)
  7 yaks
  A steam dragon (D:7)
  Menkaure (D:5)
  A hell hound (D:9)
  A black bear (D:9)
  An ice beast (D:7)
  2 orc warriors
  A slave (D:6)
  2 phantoms (D:8)
  A necrophage (D:8)
  10 ogres
  A centaur (D:7)
  5 big kobolds
  2 bullfrogs
  3 scorpions
  5 killer bees (D:9)
  2 vampire bats (D:4)
  A howler monkey (D:6)
  A centaur zombie (D:9)
  6 orc priests
  2 hounds
  2 centaur skeletons (D:4)
  3 jellies
  A bullfrog skeleton (D:7)
  3 iguanas
  9 orc wizards
  9 worker ants
  A killer bee zombie (D:7)
  2 worker ant zombies
  4 adders
  12 gnolls
  An ooze (D:7)
  7 worms
  6 leopard geckos
  36 orcs
  19 bats
  7 giant cockroaches
  7 goblins
  4 hobgoblins
  20 jackals
  3 quokkas
  4 frilled lizards
  A jackal zombie (D:5)
  48 kobolds
  A leopard gecko skeleton (D:6)
  6 rats
281 creatures vanquished.

Vanquished Creatures (others)
  3 slaves (D:6)
3 creatures vanquished.

Grand Total: 284 creatures vanquished

Notes
Turn   | Place    | Note
-------+----------+-------------------------------------------
     0 | D:1      | LoNine the Gargoyle Earth Elementalist began the quest for the Orb.
     0 | D:1      | Reached XP level 1. HP: 10/10 MP: 3/3
   216 | D:1      | Reached XP level 2. HP: 15/15 MP: 1/5
   932 | D:1      | Reached XP level 3. HP: 15/19 MP: 4/7
  1282 | D:1      | Learned a level 3 spell: Stone Arrow
  1613 | D:2      | Found a blossoming altar of Fedhas.
  1977 | D:2      | Found a faded altar of an unknown god.
  2107 | D:2      | Reached XP level 4. HP: 24/24 MP: 8/8
  2385 | D:3      | Reached skill level 1 in Conjurations
  2676 | D:3      | Reached XP level 5. HP: 28/28 MP: 7/10
  2683 | D:3      | Learned a level 5 spell: Lee's Rapid Deconstruction
  2821 | D:3      | Noticed a big kobold
  2859 | D:3      | Killed a big kobold
  2859 | D:3      | Reached skill level 5 in Earth Magic
  3147 | D:3      | Noticed a big kobold
  3180 | D:3      | Killed a big kobold
  3180 | D:3      | Reached XP level 6. HP: 29/32 MP: 7/12
  3650 | D:3      | Reached XP level 7. HP: 34/36 MP: 7/14
  3720 | D:3      | Reached skill level 5 in Spellcasting
  4672 | D:4      | Reached skill level 1 in Fighting
  4672 | D:4      | Reached XP level 8. HP: 43/43 MP: 8/16
  4822 | D:4      | Reached skill level 1 in Armour
  4876 | D:4      | Reached skill level 1 in Maces & Flails
  5146 | D:5      | Entered Level 5 of the Dungeon
  5675 | D:5      | Noticed Menkaure
  5678 | D:5      | Killed Menkaure
  5919 | D:6      | Noticed Prince Ribbit
  5919 | D:6      | Noticed Pikel
  5934 | D:6      | Killed Pikel
  5934 | D:6      | Reached skill level 5 in Conjurations
  5934 | D:6      | Reached skill level 1 in Evocations
  5934 | D:6      | Reached XP level 9. HP: 49/49 MP: 2/19
  5936 | D:6      | Noticed Grinder
  5954 | D:6      | Killed Prince Ribbit
  6685 | D:6      | Found a staircase to the Ecumenical Temple.
  6696 | Temple   | Entered the Ecumenical Temple
  6721 | Temple   | Became a worshipper of Vehumet
  6926 | D:6      | Paralysed by Grinder for 2 turns
  6932 | D:6      | Killed Grinder
  7708 | D:7      | Found Guppooc's Antique Weapon Shop.
  7797 | D:7      | Reached XP level 10. HP: 22/56 MP: 3/21
  8123 | D:7      | Reached * piety under Vehumet
  8123 | D:7      | Offered knowledge of Magic Dart by Vehumet.
  9705 | D:8      | Got a dazzling ring mail
  9728 | D:8      | Identified the +1 ring mail of the Ecumenical Temple {*Drain rPois rN+ Slay+2} (You found it on level 8 of the Dungeon)
  9999 | D:8      | Reached ** piety under Vehumet
  9999 | D:8      | Offered knowledge of Throw Flame by Vehumet.
 10295 | D:9      | Reached skill level 5 in Fighting
 10562 | D:9      | Reached skill level 5 in Armour
 10612 | D:9      | Reached XP level 11. HP: 64/64 MP: 21/23
 10909 | D:9      | Found a large runed door.
 10910 | D:9      | Found a large runed door.
 10921 | D:9      | Noticed a cyclops
 10939 | D:10     | Entered Level 10 of the Dungeon
 10950 | D:9      | HP: 2/64 [hell hound/blast of flame (14)]
 10953 | D:9      | Slain by a hell hound

Skill      XL: |  1  2  3  4  5  6  7  8  9 10 |
---------------+-------------------------------+-----
Earth Magic    | 4 5 6 7 8 |  8.6
Spellcasting   | 3 4 5 6 7 8 |  8.5
Conjurations   | 1 2 3 4 5 6 |  6.5
Fighting       | 1 2 3 5 |  5.3
Dodging        | 2 3 4 |  4.3
Armour         | 2 3 5 |  5.2
Maces & Flails | 2 3 4 |  4.5
Evocations     | 1 2 3 |  3.8
Stealth        | |  2.1
Transmutations | |  0.7

Action                   |  1- 3 |  4- 6 |  7- 9 | 10-12 || total
-------------------------+-------+-------+-------+-------++-------
Melee: Whip              |    32 |    19 |    10 |       ||    61
       Morningstar       |       |       |    53 |     7 ||    60
Throw: Stone             |       |       |     1 |       ||     1
 Cast: Sandblast         |    51 |    93 |   191 |   115 ||   450
       Stone Arrow       |     1 |       |    39 |    63 ||   103
       Lee's Rapid Decon |       |       |     1 |     3 ||     4
Evoke: Wand              |       |       |     4 |       ||     4
  Use: Scroll            |       |       |     8 |     5 ||    13
       Potion            |       |       |     1 |     2 ||     3
 Stab: Sleeping          |     3 |       |       |       ||     3
       Distracted        |       |       |     1 |       ||     1
  Eat: Bread ration      |     1 |     1 |     3 |     3 ||     8
Armor: Robe              |    14 |    30 |    94 |    49 ||   187
Dodge: Dodged            |    34 |    69 |   123 |    97 ||   323
